TOP OF THE 1ST |
West Virginia Power batting - Pitching for Great Lakes Loons : RHP Mark McDonald
|
Pitching: RHP Mark McDonald
|
|
Batting: LHB Micah Boshnjaku
|
0-0: Ball 1-0: Ball 2-0: Ball 3-0: Called Strike 3-1: Called Strike 3-2: Foul Ball, location: 2F 3-2: Strikes out swinging
|
Batting: RHB Ron Corn
|
0-0: Ball 1-0: Ball 2-0: Ball 3-0: Base on Balls
|
Batting: SHB Francisco Gutierrez
|
0-0: Called Strike 0-1: Ball 1-1: Called Strike 1-2: Ball 2-2: DOUBLE (Line Drive, 7LD, EV 113.8 MPH) Ron Corn to third Runner from 3rd tries for Home, SAFE, no throw by LF
|
Batting: RHB Tom Primmer
|
0-0: Ball Francisco Gutierrez steals 3rd base 1-0: Ball 2-0: Reached on error, E6 (Groundball, 56, EV 101.3 MPH) Francisco Gutierrez scores
|
Batting: RHB Jordan Robinson
|
0-0: Ball 1-0: Called Strike 1-1: Called Strike 1-2: Ball 2-2: Ball 3-2: Base on Balls
|
Batting: SHB Brad Day
|
0-0: Fly out, F6 (Popup, 4M, EV 63.1 MPH)
|
Batting: RHB Dennis Coppolino
|
0-0: Called Strike 0-1: Fly out, F4 (Popup, 34, EV 73.1 MPH)
|
Top of the 1st over - 2 runs, 1 hit, 1 error, 2 left on base; West Virginia 2 - Great Lakes 0 |
BOTTOM OF THE 1ST |
Great Lakes Loons batting - Pitching for West Virginia Power : RHP Alex Romero
|
Pitching: RHP Alex Romero
|
|
Batting: RHB Ken Jenkins
|
0-0: Called Strike 0-1: Ball 1-1: Called Strike 1-2: SINGLE (Line Drive, 89M, EV 100.6 MPH)
|
Batting: RHB Alex Mejia
|
0-0: Called Strike 0-1: Ball 1-1: Ball 2-1: Called Strike Ken Jenkins steals 2nd base (no throw) 2-2: Ground out 5-3 (Groundball, 56, EV 93.8 MPH)
|
Batting: RHB John Piccolo
|
0-0: Fly out, F7 (Flyball, 78D, EV 101.3 MPH)
|
Batting: RHB Mike Sims
|
0-0: Ball 1-0: Ball 2-0: Ball 3-0: Called Strike 3-1: Ground out 6-3 (Groundball, 56D, EV 106.3 MPH)
|
Bottom of the 1st over - 0 runs, 1 hit, 0 errors, 1 left on base; West Virginia 2 - Great Lakes 0 |
TOP OF THE 2ND |
West Virginia Power batting - Pitching for Great Lakes Loons : RHP Mark McDonald
|
Batting: RHB Ted Goldblatt
|
0-0: Ground out 6-3 (Groundball, 6, EV 105.0 MPH)
|
Batting: RHB John Beiswenger
|
0-0: Ball 1-0: Called Strike 1-1: Foul Ball, location: 2F 1-2: Foul Ball, location: 2F 1-2: Ground out 6-3 (Groundball, 6S, EV 81.9 MPH)
|
Batting: LHB Micah Boshnjaku
|
0-0: Called Strike 0-1: Called Strike 0-2: DOUBLE (Flyball, 9LD, EV 108.8 MPH)
|
Batting: RHB Ron Corn
|
0-0: Ball 1-0: Called Strike 1-1: Called Strike 1-2: Ball 2-2: Foul Ball, location: 2F 2-2: Ground out 6-3 (Groundball, 56, EV 78.8 MPH)
|
Top of the 2nd over - 0 runs, 1 hit, 0 errors, 1 left on base; West Virginia 2 - Great Lakes 0 |
BOTTOM OF THE 2ND |
Great Lakes Loons batting - Pitching for West Virginia Power : RHP Alex Romero
|
Batting: LHB Antonio Luis
|
0-0: Swinging Strike 0-1: Called Strike 0-2: SOLO HOME RUN (Flyball, 9D, EV 97.5 MPH), Distance : 381 ft
|
Batting: LHB Jim Chalk
|
0-0: Ball 1-0: Ground out 6-3 (Groundball, 6M, EV 96.9 MPH)
|
Batting: RHB Ashton Crenshaw
|
0-0: Foul Ball, location: 2F 0-1: Ball 1-1: Ball 2-1: Swinging Strike 2-2: Ball 3-2: Strikes out looking
|
Batting: RHB Phil Knox
|
0-0: Ball 1-0: Called Strike 1-1: Foul Ball, location: 2F 1-2: Ground out 4-3 (Groundball, 4, EV 104.4 MPH)
|
Bottom of the 2nd over - 1 run, 1 hit, 0 errors, 0 left on base; West Virginia 2 - Great Lakes 1 |
TOP OF THE 3RD |
West Virginia Power batting - Pitching for Great Lakes Loons : RHP Mark McDonald
|
Batting: SHB Francisco Gutierrez
|
0-0: Ball 1-0: Ground out 2-3 (Groundball, 2L, EV 65.0 MPH)
|
Batting: RHB Tom Primmer
|
0-0: Called Strike 0-1: Ball 1-1: Hit by Pitch
|
Batting: RHB Jordan Robinson
|
0-0: Swinging Strike 0-1: Fly out, F9 (Flyball, 9D, EV 103.8 MPH)
|
Batting: SHB Brad Day
|
0-0: Called Strike Tom Primmer steals 2nd base 0-1: Ball 1-1: Ball 2-1: Foul Ball, location: 2F 2-2: DOUBLE (Groundball, 3L, EV 106.3 MPH) Tom Primmer scores
|
Batting: RHB Dennis Coppolino
|
0-0: Ball 1-0: Fly out, F7 (Line Drive, 7S, EV 93.8 MPH)
|
Top of the 3rd over - 1 run, 1 hit, 0 errors, 1 left on base; West Virginia 3 - Great Lakes 1 |
BOTTOM OF THE 3RD |
Great Lakes Loons batting - Pitching for West Virginia Power : RHP Alex Romero
|
Batting: RHB Josh Kimbrell
|
0-0: Ground out 6-3 (Groundball, 6, EV 79.4 MPH)
|
Batting: RHB Ken Jenkins
|
0-0: Ball 1-0: Ball 2-0: Ground out 4-3 (Groundball, 4, EV 84.4 MPH)
|
Batting: RHB Alex Mejia
|
0-0: Ball 1-0: Fly out, F9 (Flyball, 9S, EV 81.9 MPH)
|
Bottom of the 3rd over - 0 runs, 0 hits, 0 errors, 0 left on base; West Virginia 3 - Great Lakes 1 |
TOP OF THE 4TH |
West Virginia Power batting - Pitching for Great Lakes Loons : RHP Mark McDonald
|
Batting: RHB Ted Goldblatt
|
0-0: Swinging Strike 0-1: Ball 1-1: Ball 2-1: Swinging Strike 2-2: Foul Ball, location: 2F 2-2: Strikes out looking
|
Batting: RHB John Beiswenger
|
0-0: Ball 1-0: Swinging Strike 1-1: DOUBLE (Line Drive, 9LM, EV 89.4 MPH)
|
Batting: LHB Micah Boshnjaku
|
0-0: Ball 1-0: Called Strike 1-1: Ball 2-1: Swinging Strike 2-2: Ball 3-2: SINGLE (Line Drive, 4D, EV 98.1 MPH) John Beiswenger to third
|
Batting: RHB Ron Corn
|
0-0: Ball 1-0: Called Strike Micah Boshnjaku steals 2nd base 1-1: Ball 2-1: SINGLE (Groundball, 13S, EV 66.9 MPH) (infield hit)
|
Batting: SHB Francisco Gutierrez
|
0-0: Ball 1-0: Ball 2-0: Ball 3-0: Called Strike 3-1: Base on Balls John Beiswenger scores Micah Boshnjaku to third Ron Corn to second
|
Batting: RHB Tom Primmer
|
0-0: Foul Ball, location: 2F 0-1: Ball 1-1: Foul Ball, location: 2F 1-2: Ball 2-2: Strikes out looking
|
Batting: RHB Jordan Robinson
|
0-0: Called Strike 0-1: Ball 1-1: Called Strike 1-2: Strikes out swinging
|
Top of the 4th over - 1 run, 3 hits, 0 errors, 3 left on base; West Virginia 4 - Great Lakes 1 |
BOTTOM OF THE 4TH |
Great Lakes Loons batting - Pitching for West Virginia Power : RHP Alex Romero
|
Batting: RHB John Piccolo
|
0-0: Called Strike 0-1: Foul Ball, location: 2F 0-2: Ground out 6-3 (Groundball, 6, EV 100.0 MPH)
|
Batting: RHB Mike Sims
|
0-0: Ball 1-0: SINGLE (Groundball, 6MD, EV 107.5 MPH)
|
Batting: LHB Antonio Luis
|
0-0: Ball 1-0: Called Strike 1-1: Ball 2-1: Ball 3-1: Fielders Choice at 2nd, 6-4 (Groundball, 6, EV 102.5 MPH)
|
Batting: LHB Jim Chalk
|
0-0: Foul Ball, location: 2F 0-1: Called Strike 0-2: Ball 1-2: Foul Ball, location: 2F 1-2: Ball 2-2: Foul Ball, location: 2F 2-2: Ball 3-2: Ground out U3 (Groundball, 3, EV 81.9 MPH)
|
Bottom of the 4th over - 0 runs, 1 hit, 0 errors, 1 left on base; West Virginia 4 - Great Lakes 1 |
TOP OF THE 5TH |
West Virginia Power batting - Pitching for Great Lakes Loons : RHP Mark McDonald
|
Batting: SHB Brad Day
|
0-0: Ball 1-0: Called Strike 1-1: Foul Ball, location: 2F 1-2: Ball 2-2: Foul Ball, location: 2F 2-2: Ground out 4-3 (Groundball, 4, EV 105.0 MPH)
|
Batting: RHB Dennis Coppolino
|
0-0: Ball 1-0: Foul Ball, location: 2F 1-1: Swinging Strike 1-2: Foul Ball, location: 2F 1-2: Ball 2-2: Ball 3-2: Foul Ball, location: 2F 3-2: Base on Balls
|
Pitching: RHP Yuichi Nozawa
|
|
Batting: RHB Ted Goldblatt
|
0-0: Ball 1-0: Ball 2-0: Called Strike 2-1: Swinging Strike 2-2: SINGLE (Groundball, 6, EV 98.8 MPH) Dennis Coppolino to second
|
Batting: RHB John Beiswenger
|
0-0: Grounds into double play, 4-6-3 (Groundball, 4, EV 78.8 MPH)
|
Top of the 5th over - 0 runs, 1 hit, 0 errors, 1 left on base; West Virginia 4 - Great Lakes 1 |
BOTTOM OF THE 5TH |
Great Lakes Loons batting - Pitching for West Virginia Power : RHP Alex Romero
|
Batting: RHB Ashton Crenshaw
|
0-0: Ball 1-0: Called Strike 1-1: DOUBLE (Flyball, 89D, EV 108.1 MPH)
|
Batting: RHB Phil Knox
|
0-0: Called Strike 0-1: Ball 1-1: Foul Ball, location: 2F 1-2: Foul Ball, location: 2F 1-2: Foul Ball, location: 2F 1-2: Strikes out swinging
|
Batting: RHB Josh Kimbrell
|
0-0: Ball 1-0: Foul Ball, location: 2F 1-1: Foul Ball, location: 2F 1-2: Ball 2-2: Ball 3-2: Fly out, F8 (Flyball, 8RM, EV 95.0 MPH)
|
Batting: RHB Ken Jenkins
|
0-0: Foul Ball, location: 2F 0-1: Ball 1-1: Fly out, F9 (Flyball, 9LD, EV 95.6 MPH)
|
Bottom of the 5th over - 0 runs, 1 hit, 0 errors, 1 left on base; West Virginia 4 - Great Lakes 1 |
TOP OF THE 6TH |
West Virginia Power batting - Pitching for Great Lakes Loons : RHP Yuichi Nozawa
|
Batting: LHB Micah Boshnjaku
|
0-0: Fly out, F6 (Popup, 6MS, EV 81.3 MPH)
|
Batting: RHB Ron Corn
|
0-0: Called Strike 0-1: Called Strike 0-2: Strikes out looking
|
Batting: SHB Francisco Gutierrez
|
0-0: Called Strike 0-1: Foul Ball, location: 2F 0-2: Ball 1-2: SINGLE (Groundball, 4M, EV 97.5 MPH)
|
Batting: RHB Tom Primmer
|
0-0: Ball 1-0: Ball Francisco Gutierrez steals 2nd base (no throw) 2-0: Ball 3-0: Called Strike 3-1: Base on Balls
|
Batting: RHB Jordan Robinson
|
0-0: Foul Ball, location: 2F 0-1: Called Strike 0-2: Strikes out looking
|
Top of the 6th over - 0 runs, 1 hit, 0 errors, 2 left on base; West Virginia 4 - Great Lakes 1 |
BOTTOM OF THE 6TH |
Great Lakes Loons batting - Pitching for West Virginia Power : RHP Alex Romero
|
Batting: RHB Alex Mejia
|
0-0: Ball 1-0: Ground out 5-3 (Groundball, 56S, EV 91.3 MPH)
|
Batting: RHB John Piccolo
|
0-0: Ball 1-0: Called Strike 1-1: Ball 2-1: Foul Ball, location: 2F 2-2: Strikes out swinging
|
Batting: RHB Mike Sims
|
0-0: Ball 1-0: Foul Ball, location: 2F 1-1: Ball 2-1: Ground out 6-3 (Groundball, 6, EV 89.4 MPH)
|
Bottom of the 6th over - 0 runs, 0 hits, 0 errors, 0 left on base; West Virginia 4 - Great Lakes 1 |
TOP OF THE 7TH |
West Virginia Power batting - Pitching for Great Lakes Loons : RHP Yuichi Nozawa
|
Batting: SHB Brad Day
|
0-0: Called Strike 0-1: SINGLE (Line Drive, 78S, EV 108.8 MPH)
|
Batting: RHB Dennis Coppolino
|
0-0: Called Strike Brad Day steals 2nd base 0-1: Ball Wild Pitch! Brad Day to third 1-1: Ball 2-1: Ball 3-1: Called Strike 3-2: Strikes out looking
|
Pitching: RHP George Credle
|
|
Batting: RHB Ted Goldblatt
|
0-0: Swinging Strike 0-1: Foul Ball, location: 2F 0-2: Ball 1-2: SINGLE (Groundball, 6, EV 107.5 MPH) Brad Day scores
|
Batting: RHB John Beiswenger
|
0-0: Swinging Strike 0-1: Foul Ball, location: 2F 0-2: Foul Ball, location: 2F 0-2: Foul Ball, location: 2F 0-2: Ball 1-2: Ball 2-2: SINGLE (Line Drive, 7S, EV 87.5 MPH) Ted Goldblatt to second
|
Batting: LHB Micah Boshnjaku
|
0-0: Ball 1-0: Foul Ball, location: 2F 1-1: Foul Ball, location: 2F 1-2: Ball 2-2: Foul Ball, location: 2F 2-2: Fielders Choice at 2nd, 2-4 (Groundball, 2L, EV 65.6 MPH) Ted Goldblatt to third
|
Batting: RHB Ron Corn
|
0-0: Foul Ball, location: 2F 0-1: Ball 1-1: Called Strike 1-2: Strikes out swinging
|
Top of the 7th over - 1 run, 3 hits, 0 errors, 2 left on base; West Virginia 5 - Great Lakes 1 |
BOTTOM OF THE 7TH |
Great Lakes Loons batting - Pitching for West Virginia Power : RHP Alex Romero
|
Pitching: RHP R.J. Barr
|
|
Batting: LHB Antonio Luis
|
0-0: Swinging Strike 0-1: Ball 1-1: Fly out, F9 (Flyball, 9D, EV 108.8 MPH)
|
Batting: LHB Jim Chalk
|
0-0: Ball 1-0: Called Strike 1-1: Ball 2-1: Ground out 4-3 (Groundball, 4, EV 83.1 MPH)
|
Batting: RHB Ashton Crenshaw
|
0-0: Foul Ball, location: 2F 0-1: Foul Ball, location: 2F 0-2: Fly out, F7 (Flyball, 78M, EV 93.1 MPH)
|
Bottom of the 7th over - 0 runs, 0 hits, 0 errors, 0 left on base; West Virginia 5 - Great Lakes 1 |
TOP OF THE 8TH |
West Virginia Power batting - Pitching for Great Lakes Loons : RHP George Credle
|
Batting: SHB Francisco Gutierrez
|
0-0: Swinging Strike 0-1: Swinging Strike 0-2: Foul Ball, location: 2F 0-2: Strikes out swinging
|
Batting: RHB Tom Primmer
|
0-0: SINGLE (Groundball, P, EV 95.0 MPH) (infield hit)
|
Batting: RHB Jordan Robinson
|
0-0: Ball 1-0: Ball 2-0: Called Strike 2-1: Ball 3-1: SINGLE (Line Drive, 56D, EV 95.6 MPH) Tom Primmer to second
|
Batting: SHB Brad Day
|
0-0: Ball 1-0: Ball 2-0: Ball 3-0: Called Strike 3-1: Foul Ball, location: 2F 3-2: Foul Ball, location: 2F 3-2: Base on Balls Tom Primmer to third Jordan Robinson to second
|
Pitching: RHP Santiago Montero
|
|
Batting: RHB Dennis Coppolino
|
0-0: Foul Ball, location: 2F 0-1: Ball 1-1: Called Strike 1-2: SINGLE (Groundball, 4, EV 96.3 MPH) Tom Primmer scores Jordan Robinson to third Brad Day to second
|
Batting: RHB Ted Goldblatt
|
0-0: Called Strike 0-1: Fly out, F4 (Line Drive, 4, EV 71.9 MPH)
|
Batting: RHB John Beiswenger
|
0-0: Swinging Strike 0-1: Ball 1-1: Called Strike 1-2: Strikes out looking
|
Top of the 8th over - 1 run, 3 hits, 0 errors, 3 left on base; West Virginia 6 - Great Lakes 1 |
BOTTOM OF THE 8TH |
Great Lakes Loons batting - Pitching for West Virginia Power : RHP R.J. Barr
|
Batting: RHB Phil Knox
|
0-0: Called Strike 0-1: Fly out, F9 (Line Drive, 9, EV 103.8 MPH)
|
Batting: RHB Josh Kimbrell
|
0-0: Ball 1-0: Ball 2-0: Foul Ball, location: 2F 2-1: SINGLE (Groundball, 56D, EV 97.5 MPH)
|
Batting: RHB Ken Jenkins
|
0-0: Ball Wild Pitch! Josh Kimbrell to second 1-0: Fly out, F6 (Popup, 6, EV 61.3 MPH)
|
Batting: RHB Alex Mejia
|
0-0: Ball 1-0: Foul Ball, location: 2F 1-1: Fly out, F8 (Line Drive, 8LD, EV 90.0 MPH)
|
Bottom of the 8th over - 0 runs, 1 hit, 0 errors, 1 left on base; West Virginia 6 - Great Lakes 1 |
TOP OF THE 9TH |
West Virginia Power batting - Pitching for Great Lakes Loons : RHP Santiago Montero
|
Batting: LHB Micah Boshnjaku
|
0-0: Called Strike 0-1: Swinging Strike 0-2: Strikes out looking
|
Batting: RHB Ron Corn
|
0-0: Ball 1-0: Foul Ball, location: 2F 1-1: Fly out, F7 (Flyball, 78S, EV 78.1 MPH)
|
Batting: SHB Francisco Gutierrez
|
0-0: SINGLE (Line Drive, 7S, EV 91.9 MPH)
|
Batting: RHB Tom Primmer
|
0-0: Called Strike 0-1: Called Strike Francisco Gutierrez steals 2nd base 0-2: Strikes out swinging
|
Top of the 9th over - 0 runs, 1 hit, 0 errors, 1 left on base; West Virginia 6 - Great Lakes 1 |
BOTTOM OF THE 9TH |
Great Lakes Loons batting - Pitching for West Virginia Power : RHP R.J. Barr
|
Batting: RHB John Piccolo
|
0-0: Foul Ball, location: 2F 0-1: Foul Ball, location: 2F 0-2: Foul Ball, location: 2F 0-2: Ball 1-2: Ball 2-2: Strikes out looking
|
Batting: RHB Mike Sims
|
0-0: Ball 1-0: Fly out, F6 (Popup, 6M, EV 71.9 MPH)
|
Batting: LHB Antonio Luis
|
0-0: Called Strike 0-1: Swinging Strike 0-2: Ball 1-2: Foul Ball, location: 2F 1-2: Ball 2-2: Strikes out looking
|
Bottom of the 9th over - 0 runs, 0 hits, 0 errors, 0 left on base; West Virginia 6 - Great Lakes 1 |
|